 Dungeon Crawl Stone Soup version 0.21.1-1-g345015f (webtiles) character file.

1164 sking99 the Carver (level 8, -9/59 HPs)
             Began as a Barachi Fighter on June 25, 2018.
             Was an Initiate of Cheibriados.
             Mangled by an orc warrior
             ... wielding a +0 flail
              (11 damage)
             ... on level 6 of the Dungeon.
             The game lasted 00:18:30 (5978 turns).

sking99 the Carver (Barachi Fighter)                Turns: 5978, Time: 00:18:31

Health: -9/59      AC:  8    Str: 24    XL:     8   Next: 40%
Magic:  11/11      EV:  7    Int:  9    God:    Cheibriados [......]
Gold:   244        SH: 10    Dex: 15    Spells: 7/7 levels left

rFire    . . .     SeeInvis .   a - +0 long sword
rCold    . . .     Gourm    .   c - +0 shield
rNeg     . . .     Faith    .   b - +0 scale mail
rPois    .         Spirit   .   h - +0 helmet
rElec    .         Reflect  .   (no cloak)
rCorr    .         Harm     .   (no gloves)
MR       .....                  (no boots)
Stlth    ..........             (no amulet)
HPRegen  0.19/turn              (no ring)
MPRegen  0.12/turn              (no ring)

@: mighty, can't hop, flying, very slow
A: +LOS, swims, slowness 1, strong legs 1
a: Hop, Bend Time, Renounce Religion


You were on level 6 of the Dungeon.
You worshipped Cheibriados.
Cheibriados was noncommittal.
You were not hungry.

You visited 2 branches of the dungeon, and saw 7 of its levels.

You collected 244 gold pieces.

Inventory:

Hand Weapons
 a - a +0 long sword (weapon)
Armour
 b - a +0 scale mail (worn)
 c - a +0 shield (worn)
 h - a +0 helmet (worn)
 q - a +0 chain mail
Jewellery
 v - an uncursed ring of protection from cold {unknown}
 w - an uncursed ring of flight {unknown}
Wands
 p - a wand of digging (6)
Scrolls
 e - a scroll of fog {unknown}
 i - 2 scrolls of remove curse {unknown}
 l - 4 scrolls of identify {unknown}
 m - 2 scrolls of teleportation {unknown}
 n - 2 scrolls of enchant weapon {unknown}
 s - 2 scrolls of amnesia {unknown}
Potions
 g - a potion of agility {unknown}
 k - a potion of lignification {unknown}
 o - a potion of flight
 r - a potion of cancellation {unknown}
 u - a potion of mutation {unknown}
Comestibles
 f - 3 rations


   Skills:
 - Level 3.6 Fighting
 * Level 10.3 Long Blades
 - Level 3.6 Armour
 - Level 3.2 Shields
 + Level 4.2 Invocations


You had 7 spell levels left.
You didn't know any spells.

Dungeon Overview and Level Annotations

Branches:
Dungeon (6/15)             Temple (1/1) D:5

Altars:
Ashenzari
Cheibriados
Dithmenos
Elyvilon
Fedhas
Gozag
Hepliaklqana
Kikubaaqudgha
Makhleb
Nemelex Xobeh
Okawaru
Qazlal
Ru
Sif Muna
Trog
Uskayaw
Vehumet
Wu Jian
Xom
Yredelemnul
Zin
The Shining One


Innate Abilities, Weirdness & Mutations

Shadows flee at your approach. (+LOS)
You can swim through water.
You cover ground slowly.
You can hop short distances.


Message History

You closely miss the orc warrior. You block the orc's attack.
The orc warrior hits you with a flail.
Your shield prevents you from hitting the orc warrior.
The orc barely misses you.
You closely miss the orc warrior. You block the orc's attack.
The orc warrior hits you with a flail!!
* * * LOW HITPOINT WARNING * * *
It was a potion of flight.
You feel very buoyant.
You fly up into the air.
The orc priest hits you but does no damage.
You block the orc's attack. The orc warrior hits you with a flail!
* * * LOW HITPOINT WARNING * * *
You feel very mighty all of a sudden.
The orc priest hits you but does no damage.
The orc barely misses you.
You slash the orc warrior!
The orc warrior is heavily wounded.
The orc warrior hits you with a flail!
You die...

#.......... #..........
#..........
..#######..........
.........#.######.# #####
########.#.# #
>.....########.#.######.##
.......%......ooo.........
.####..#######.#@.......#
#..oo.......##.#######
#...........##.#
.............##..
.o...........###...
...o.......... #....
....####.##### #..... .o..
#. #...... # ........


You could see an orc warrior, an orc priest and an orc.

Vanquished Creatures
  Sigmund (D:3)
  A phantom (D:4)
  A sky beast (D:5)
  An ogre (D:4)
  3 scorpions
  5 orc priests
  A jelly (D:5)
  3 hounds
  3 iguanas
  3 worker ants
  2 hound skeletons (D:5)
  A gnoll (D:1)
  6 adders
  2 worms
  4 dart slugs
  A leopard gecko (D:2)
  11 orcs
  6 giant cockroaches
  5 goblins
  9 hobgoblins
  5 kobolds
  3 quokkas
  15 bats
  5 frilled lizards
  9 rats
106 creatures vanquished.

Notes
Turn   | Place    | Note
-------+----------+-------------------------------------------
     0 | D:1      | sking99 the Barachi Fighter began the quest for the Orb.
     0 | D:1      | Reached XP level 1. HP: 18/18 MP: 1/1
   217 | D:1      | Reached skill level 3 in Long Blades
   217 | D:1      | Reached XP level 2. HP: 24/24 MP: 2/2
   285 | D:1      | Reached skill level 4 in Long Blades
   291 | D:1      | Reached XP level 3. HP: 22/29 MP: 3/3
  1021 | D:2      | Reached skill level 5 in Long Blades
  1021 | D:2      | Reached XP level 4. HP: 33/36 MP: 4/4
  1332 | D:2      | Reached skill level 6 in Long Blades
  1332 | D:2      | Reached XP level 5. HP: 35/41 MP: 5/5
  1600 | D:2      | Found a burning altar of Makhleb.
  1601 | D:2      | Found a deep blue altar of Sif Muna.
  1601 | D:2      | Found an ancient bone altar of Kikubaaqudgha.
  1602 | D:2      | Found a stormy altar of Qazlal.
  1611 | D:2      | Found a glowing golden altar of the Shining One.
  1794 | D:2      | Became a worshipper of the Shining One
  2037 | D:3      | Found a basalt altar of Yredelemnul.
  2122 | D:3      | Noticed Sigmund
  2215 | D:4      | Reached skill level 1 in Invocations
  2274 | D:4      | Found a bloodstained altar of Trog.
  2292 | D:4      | Reached skill level 7 in Long Blades
  2292 | D:4      | Reached XP level 6. HP: 15/47 MP: 6/6
  2595 | D:4      | Found a glowing silver altar of Zin.
  2596 | D:4      | Found a shadowy altar of Dithmenos.
  2596 | D:4      | Found a hazy altar of Hepliaklqana.
  2597 | D:4      | Found a sacrificial altar of Ru.
  3214 | D:4      | Noticed a phantom
  3277 | D:4      | Killed a phantom
  3648 | D:4      | Reached skill level 8 in Long Blades
  3648 | D:4      | Reached XP level 7. HP: 16/52 MP: 8/8
  4184 | D:3      | Killed Sigmund
  4396 | D:3      | Found a sparkling altar of Nemelex Xobeh.
  4588 | D:3      | Found an opulent altar of Gozag.
  4771 | D:5      | Entered Level 5 of the Dungeon
  4778 | D:5      | Reached skill level 9 in Long Blades
  5026 | D:4      | Reached XP level 8. HP: 34/59 MP: 10/10
  5235 | D:5      | Reached * piety under the Shining One
  5451 | D:5      | Reached skill level 10 in Long Blades
  5482 | D:5      | HP: 2/59 [orc priest/divine providence (10)]
  5655 | D:5      | Found a staircase to the Ecumenical Temple.
  5662 | Temple   | Entered the Ecumenical Temple
  5734 | Temple   | Fell from the grace of the Shining One
  5734 | Temple   | Became a worshipper of Cheibriados the Contemplative
  5976 | D:6      | HP: 2/59 [orc warrior/flail (10)]
  5978 | D:6      | Mangled by an orc warrior

Skill      XL: |  1  2  3  4  5  6  7  8 |
---------------+-------------------------+-----
Long Blades    | 3 4 5 6 7 8 9 10 | 10.3
Invocations    | 1 2 3 4 |  4.2
Fighting       | |  3.6
Armour         | |  3.6
Shields        | |  3.2

Action                   |  1- 3 |  4- 6 |  7- 9 || total
-------------------------+-------+-------+-------++-------
Melee: Long sword        |    65 |   190 |   123 ||   378
 Abil: Hop               |     1 |     2 |     3 ||     6
  Use: Potion            |       |       |     8 ||     8
  Eat: Chunk             |     1 |     7 |     7 ||    15
       Ration            |       |     1 |       ||     1
Armor: Scale mail        |    27 |    57 |    43 ||   127
Dodge: Dodged            |    28 |    36 |    30 ||    94
Block: Shield            |    28 |    88 |    59 ||   175
       Rpst.: Long sword |     9 |    10 |    13 ||    32
